 Dungeon Crawl Stone Soup version 0.31-a0-486-g8d68a81214 (webtiles) character file.

Game seed: 17382847484979461876

2741 Monkooky the Thaumaturge (level 9, 0/65 HPs)
             Began as a Mummy Cinder Acolyte on Aug 7, 2023.
             Was an Elder of Ignis.
             Slain by an orc knight
             ... wielding a +0 glaive
              (11 damage)
             ... in a bailey on Aug 11, 2023.
             The game lasted 00:15:11 (6743 turns).

Monkooky the Thaumaturge (Mummy Cinder Acolyte)     Turns: 6743, Time: 00:15:12

Health: 0/65       AC: 18    Str: 18    XL:     9   Next: 40%
Magic:  9/21       EV: 10    Int: 17    God:    Ignis [****..]
Gold:   367        SH:  0    Dex:  9    Spells: 20/25 levels left

rFire   + + +        k - +2 whip (elec)
rCold   + . .        (no shield)
rNeg    + + +        q - +5 ring mail "Norosk" {*Slow rElec rF+++ Dex+2}
rPois   ∞            j - +0 helmet
rElec   +            (no cloak)
rCorr   .            (no gloves)
SInv    .            (no boots)
Will    +....        (no amulet) Stlth
                     (no ring)
HPRegen 0.30/turn    (no ring)
MPRegen 0.17/turn

%: slow self (1%), faith
@: fiery-armoured
A: cold resistance 1, negative energy resistance 3, torment resistance 2, heat
vulnerability 1, in touch with death 1, no potions, faith
a: Renounce Religion, Fiery Armour, Foxfire Swarm


You were in a bailey.
You worshipped Ignis.
Ignis was greatly pleased with you.
You visited 1 branch of the dungeon, and saw 7 of its levels.
You also visited: Bailey.

You collected 367 gold pieces.

Inventory:

Hand Weapons
 b - a +0 whip
 e - a +0 dagger
 k - a +2 whip of electrocution (weapon)
Missiles
 s - a curare-tipped dart
 t - 2 throwing nets
Armour
 a - a +0 robe
 f - a +0 scale mail
 i - a +0 ring mail
 j - a +0 helmet (worn)
 q - the +5 ring mail "Norosk" (worn) {*Slow rElec rF+++ Dex+2}
   (You found it on level 6 of the Dungeon)

   Dex:       It affects your dexterity (+2).
   rF:        It renders you almost immune to fire.
   rElec:     It insulates you from electricity.
   *Slow:     It may slow you when you take damage.
Jewellery
 h - a ring of protection from cold
 p - an amulet of reflection
Wands
 n - a wand of iceblast (17)
Scrolls
 c - 2 scrolls of amnesia {unknown}
 d - 2 scrolls of identify {unknown}
 g - a scroll of revelation {unknown}
 l - a scroll of enchant armour {unknown}
 m - a scroll of fear {unknown}
 o - a scroll of teleportation {unknown}
 r - a scroll of silence


   Skills:
 - Level 3.7 Fighting
 - Level 6.3 Maces & Flails
 - Level 2.5 Unarmed Combat
 - Level 8.6 Spellcasting
 + Level 2.0 Conjurations
 - Level 4.9 Fire Magic
 + Level 2.0 Air Magic
 + Level 2.0 Poison Magic


You had 20 spell levels left.
You knew the following spells:

 Your Spells              Type           Power      Damage    Failure   Level
a - Scorch                Fire           48%        2d7       3%          2
b - Mephitic Cloud        Conj/Pois/Air  14%        N/A       22%         3

Your spell library contained the following spells:

 Spells                   Type           Power      Damage    Failure   Level
 Poisonous Vapours        Pois/Air       28%        N/A       12%         2
 Momentum Strike          Conj/Tloc      20%        3d8       19%         2
 Blink                    Tloc           14%        N/A       26%         2
 Ensorcelled Hibernation  Hex/Ice        14%        N/A       26%         2
 Lesser Beckoning         Tloc           14%        N/A       26%         2
 Anguish                  Hex/Necr       5%         N/A       87%         4
 Petrify                  Tmut/Erth      7%         N/A       87%         4
 Freezing Cloud           Conj/Ice/Air   5%         6-21      96%         5
 Irradiate                Conj/Tmut      5%         3d13      97%         5
 Sublimation of Blood     Necr           Unusable   N/A       N/A         2

Dungeon Overview and Level Annotations

Branches:
Dungeon (7/15)             Temple (0/1) D:4          Bailey (1/1)

Altars:
Ashenzari
Dithmenos
Kikubaaqudgha
Makhleb
Xom
Yredelemnul

Annotations:
D:1 exclusion: downstairs
D:6 3 runed translucent doors, lunkers's ghost, novice MeSh Bailey 2 runed translucent doors


Innate Abilities, Weirdness & Mutations

You are immune to poison.
Your flesh is cold resistant. (rC+)
You are immune to negative energy. (rN+++)
You are immune to unholy pain and torment.
You are vulnerable to heat. (rF-)
You are in touch with the powers of death.
You do not drink.
You have a special connection with the divine. (Faith)


Message History

a +0 spear; a +0 chain mail You catch the helpless orc knight completely off-guard!
You hit the orc knight but do no damage.
The orc knight is lightly wounded.
You hit the orc knight.
The orc knight is lightly wounded.
The orc knight is engulfed in noxious fumes.
The orc knight asks, "Where am I?"
The orc knight hits you with a +0 glaive!
Your magical contamination has completely faded away.
You hit the orc knight but do no damage.
The orc knight is lightly wounded.
The orc warrior seems less confused.
The orc knight is engulfed in noxious fumes.
The orc knight appears confused.
The orc knight hits you with a +0 glaive!!
* * * LOW HITPOINT WARNING * * *
The orc knight hits itself with a +0 glaive!!
A protective cloak of flame settles atop you.
The orc knight is engulfed in noxious fumes.
Aiming: Iceblast
Press: ? - help, Shift-Dir - straight line The mass of ice explodes!
The iceblast engulfs the orc knight.
The orc knight is heavily wounded.
The iceblast engulfs the orc warrior!
The orc warrior is moderately wounded.
Casting: Mephitic Cloud (dangerous; 22% risk of failure)
Confirm with . or Enter, or press ? or * to list all spells.
Aiming: Mephitic Cloud (dangerous; 22% risk of failure)
Press: ? - help, Shift-Dir - straight line The ball explodes into a vile cloud!
The stinking cloud engulfs the orc warrior but does no damage.
The orc warrior is moderately wounded.
The stinking cloud engulfs the orc knight but does no damage.
The orc knight is heavily wounded.
You hear a shout!
The orc warrior is engulfed in noxious fumes.
The orc warrior appears confused.
The orc knight hits you with a +0 glaive!
You die...

#.... #..#...............∩.
#... #8.#...######........
..########..#....≈≈≈≈..♣......
....oo......##...≈≈≈≈..♣♣...♣♣
......o.o....#...≈≈≈≈.....###
.##########..#☼.≈≈≈≈≈..####
####☼.≈≈≈≈...# ♣oo≈≈≈≈≈..♣#
♣@≈≈≈≈≈..♣♣ ♣≈≈≈≈≈♣♣♣♣ ♣≈≈≈≈≈♣
#######


You could see an orc knight (confused) and an orc warrior (confused).

Vanquished Creatures
  Grinder (D:5)
  Prince Ribbit (D:5)
  A wyvern (D:4)
  Eustachio (D:4)
  A water moccasin (D:6)
  5 orc warriors
  Pargi (D:4)
  A sky beast (D:6)
  3 black bears
  An ogre (D:5)
  A centaur (D:6)
  3 phantoms
  2 kobold brigands (D:6)
  A scorpion (D:7)
  2 howler monkeys
  2 iguanas
  Ijyb (D:5)
  3 orc wizards
  7 gnolls
  8 adders
  2 worms (D:2)
  2 dart slugs (D:1)
  5 orcs
  8 ball pythons
  5 endoplasms
  6 giant cockroaches
  12 goblins
  2 hobgoblins (D:2)
  13 jackals
  3 quokkas
  5 bats
  5 frilled lizards
  17 kobolds
  4 rats
135 creatures vanquished.

Vanquished Creatures (collateral kills)
  A kobold (D:7)
1 creature vanquished.

Vanquished Creatures (others)
  7 foxfires (D:4)
7 creatures vanquished.

Grand Total: 143 creatures vanquished

Notes
Turn   | Place    | Note
-------+----------+-------------------------------------------
     0 | D:1      | Monkooky the Mummy Cinder Acolyte began the quest for the
                  | Orb.
     0 | D:1      | Reached XP level 1. HP: 18/18 MP: 2/2
   165 | D:1      | Reached XP level 2. HP: 24/24 MP: 4/4
   571 | D:1      | Learned a level 2 spell: Scorch
   650 | D:1      | Gained mutation: You are in touch with the powers of death.
                  | [Mummy growth]
   650 | D:1      | Reached XP level 3. HP: 29/30 MP: 5/5
   678 | D:1      | Reached skill level 2 in Spellcasting
   953 | D:2      | Found a faded altar of an unknown god.
  1461 | D:2      | Reached XP level 4. HP: 36/37 MP: 8/8
  1482 | D:2      | Reached skill level 3 in Spellcasting
  1678 | D:2      | Found an ancient bone altar of Kikubaaqudgha.
  2489 | D:3      | Reached skill level 1 in Maces & Flails
  2489 | D:3      | Reached XP level 5. HP: 26/42 MP: 1/10
  3061 | D:4      | Found a shimmering altar of Xom.
  3067 | D:4      | Noticed Eustachio
  3073 | D:4      | Noticed a phantom
  3074 | D:4      | Found a staircase to the Ecumenical Temple.
  3101 | D:4      | Killed a phantom
  3178 | D:4      | Reached XP level 6. HP: 48/48 MP: 8/11
  3223 | D:4      | Noticed a wyvern
  3233 | D:4      | Killed a wyvern
  3336 | D:4      | Found a shadowy altar of Dithmenos.
  3415 | D:4      | Killed Eustachio
  3416 | D:4      | Reached XP level 7. HP: 19/53 MP: 1/12
  3694 | D:4      | Noticed Pargi
  3700 | D:4      | Killed Pargi
  3701 | D:4      | Reached skill level 5 in Maces & Flails
  3853 | D:5      | Entered Level 5 of the Dungeon
  4022 | D:5      | Noticed Ijyb
  4036 | D:5      | Killed Ijyb
  4356 | D:5      | Noticed Prince Ribbit
  4363 | D:5      | Killed Prince Ribbit
  4364 | D:5      | Reached skill level 4 in Spellcasting
  4364 | D:5      | Reached XP level 8. HP: 42/60 MP: 0/15
  4479 | D:5      | Noticed Grinder
  4493 | D:5      | Killed Grinder
  4494 | D:5      | Reached skill level 5 in Spellcasting
  4761 | D:5      | Reached skill level 6 in Spellcasting
  5132 | D:6      | Identified the +5 ring mail "Norosk" {*Slow rElec rF+++
                  | Dex+2}
  5204 | D:6      | Reached skill level 7 in Spellcasting
  5504 | D:6      | Reached skill level 8 in Spellcasting
  5504 | D:6      | Reached XP level 9. HP: 18/65 MP: 12/21
  5676 | D:6      | Found a runed translucent gate.
  5676 | D:6      | Found a runed translucent gate.
  5693 | D:6      | Found a runed translucent gate.
  5730 | D:6      | Noticed lunkers's ghost (novice MeSh)
  5831 | D:6      | Found a basalt altar of Yredelemnul.
  5832 | D:6      | Found a burning altar of Makhleb.
  6269 | D:6      | Found a broken altar of Ashenzari.
  6273 | D:6      | Saw a vision of the Shoals and the Snake Pit.
  6273 | D:6      | Noticed a black mamba
  6273 | D:6      | Noticed a kraken
  6273 | D:6      | Noticed a merfolk
  6273 | D:6      | Noticed a merfolk aquamancer
  6273 | D:6      | Noticed a manticore
  6273 | D:6      | Noticed an anaconda
  6273 | D:6      | Noticed a manticore
  6273 | D:6      | Noticed a merfolk
  6273 | D:6      | Noticed a manticore
  6273 | D:6      | Noticed a mana viper
  6274 | D:6      | Noticed an anaconda
  6274 | D:6      | Noticed an anaconda
  6275 | D:6      | Noticed a naga warrior
  6330 | D:6      | Learned a level 3 spell: Mephitic Cloud
  6377 | D:6      | Reached skill level 1 in Conjurations
  6377 | D:6      | Reached skill level 1 in Air Magic
  6377 | D:6      | Reached skill level 1 in Poison Magic
  6491 | D:7      | Found a flagged portal.
  6532 | Bailey   | Entered a bailey
  6702 | Bailey   | Found a large runed translucent door.
  6702 | Bailey   | Found a large runed translucent door.
  6703 | Bailey   | Noticed a deep elf zephyrmancer
  6703 | Bailey   | Noticed an orc knight
  6743 | Bailey   | Slain by an orc knight

Illustrated notes

Levels and vault maps discovered:
D:1:      tarquinn_simple_flora_water_f, layout_loops_ring,
          minmay_misc_feat_rows
D:2:      layout_loops_ring, basic_altar, serial_glass, glass_columns_b,
          glass_columns_b, shapermc_ecumenical_altar_gd, minmay_unequal
D:3:      layout_rooms, solitary_fountain
D:4:      layout_rooms, grunt_dithmenos_smoke_and_mirrors,
          mainiacjoe_overflow_concentric_impassable,
          minmay_temple_entry_large_hall, uniq_pargi, uniq_eustachio
D:5:      layout_gridville, uniq_prince_ribbit1, uniq_grinder, uniq_ijyb
D:6:      layout_rooms, mainiacjoe_overflow_divided_tiny,
          grunt_ashenzari_visionary [grunt_ashenzari_visionary_shoals,
          grunt_ashenzari_visionary_snake], gammafunk_ghost_split,
          chequers_arboretum
D:7:      layout_basic, mainiacjoe_overflow_alcove_4, enter_bailey_5
Bailey:   bailey_polearm_elven_captive_hellmonk, bailey

Skill      XL: |  1  2  3  4  5  6  7  8  9 |
---------------+----------------------------+-----
Spellcasting   | 2 3 4 8 |  8.6
Fire Magic     | 3 4 |  4.9
Maces & Flails | 1 2 4 6 |  6.3
Conjurations   | 2 |  2.0
Air Magic      | 2 |  2.0
Poison Magic   | 2 |  2.0
Fighting       | |  3.7
Unarmed Combat | |  2.5

Action                     |  1- 3 |  4- 6 |  7- 9 || total
---------------------------+-------+-------+-------++-------
  Melee: Unarmed           |    63 |       |       ||    63
         Whip              |   102 |    72 |    72 ||   246
         Punch             |       |     1 |     1 ||     2
   Cast: Scorch            |     9 |    47 |    88 ||   144
         Mephitic Cloud    |       |       |    10 ||    10
 Invoke: Fiery Armour      |       |     1 |     3 ||     4
         Foxfire Swarm     |       |     1 |       ||     1
         Rising Flame      |       |       |     1 ||     1
  Evoke: Wand              |       |       |     4 ||     4
    Use: Scroll            |       |       |     1 ||     1
   Stab: Confused          |       |       |     4 ||     4
 Armour: Robe              |    11 |       |       ||    11
         Scale mail        |    35 |       |       ||    35
         Ring mail         |    10 |    29 |    72 ||   111
  Dodge: Dodged            |    89 |    45 |    65 ||   199

Table legend: (Time is in decaauts)
 A = Elapsed time spent in this place.
 B = Non-inter-level travel time spent in this place.
 C = Inter-level travel time spent in this place.
 D = Time resting spent in this place.
 E = Time spent auto-exploring this place.
 F = Levels seen in this place.
 G = Mean time per level.
                   A        B        C        D        E       F      G
               +--------+--------+--------+--------+--------+-----+--------+
         Total |   6741 |   6381 |    360 |    752 |   4479 |   8 |  842.6 |
       Dungeon |   6533 |   6173 |    360 |    709 |   4445 |   7 |  933.3 |
        Bailey |    207 |    207 |      0 |     43 |     34 |   1 |  207.0 |
               +--------+--------+--------+--------+--------+-----+--------+

Top non-repeatable levels by time:
     D:5: 1501 daAuts
     D:1: 1225 daAuts
     D:4: 1023 daAuts
     D:2: 998 daAuts
     D:6: 981 daAuts
     D:3: 739 daAuts
  Bailey: 207 daAuts
     D:7: 64 daAuts
